 Dungeon Crawl Stone Soup version 0.29-a0-393-g47a863cc1b (webtiles) character file.

Game seed: 3945498217920080499

563 zishaf the Skirmisher (level 7, 0/66 HPs)
             Began as a Minotaur Berserker on May 10, 2022.
             Was a Believer of Trog.
             Succumbed to a scorpion's poison
             ... on level 4 of the Dungeon.
             The game lasted 00:03:42 (3345 turns).

zishaf the Skirmisher (Minotaur Berserker)          Turns: 3345, Time: 00:03:42

Health: 0/66       AC:  4    Str: 24    XL:     7   Next: 10%
Magic:  6/6        EV: 12    Int:  4    God:    Trog [**....]
Gold:   194        SH:  0    Dex:  9    Spells: 6/6 levels left

rFire   . . .      SeeInvis .   a - +0 hand axe
rCold   + . .      Faith    .   (no shield)
rNeg    + . .      Spirit   .   p - +2 animal skin
rPois   .          Reflect  .   (helmet restricted)
rElec   .          Harm     .   (no cloak)
rCorr   .          Rampage  .   (no gloves)
Will    ++...                   (no boots)
Stlth   +.........              (no amulet)
HPRegen 1.21/turn               k - ring of protection from cold
MPRegen 0.10/turn               t - ring of positive energy

@: brilliant, lethally poisoned (0 -> -10), strong-willed, regenerating, hasted,
very quick
A: horns 2, retaliatory headbutt
a: Renounce Religion, Berserk, Trog's Hand


You were on level 4 of the Dungeon.
You worshipped Trog.
Trog was pleased with you.
You visited 1 branch of the dungeon, and saw 4 of its levels.

You collected 194 gold pieces.

Inventory:

Hand Weapons
 a - a +0 hand axe (weapon)
Armour
 b - a +0 animal skin
 l - a +0 leather armour
 p - a +2 animal skin (worn)
Jewellery
 k - a ring of protection from cold (left hand)
 o - an amulet of magic regeneration
 t - a ring of positive energy (right hand)
 v - a ring of fire
 w - an amulet of the acrobat
 x - a ring of positive energy
Wands
 g - a wand of charming (8)
 s - a wand of iceblast (7)
 y - a wand of paralysis (11)
Scrolls
 f - 3 scrolls of identify {unknown}
 h - 2 scrolls of teleportation {unknown}
 j - a scroll of fog {unknown}
 n - a scroll of enchant armour {unknown}
 u - a scroll of amnesia {unknown}
Potions
 c - 2 potions of resistance {unknown}
 d - 3 potions of brilliance
 e - 2 potions of might {unknown}
 i - 2 potions of haste
 m - a potion of heal wounds {unknown}
 q - a potion of invisibility {unknown}
 r - 5 potions of curing {unknown}


   Skills:
 + Level 7.4 Fighting
 + Level 7.4 Axes
 - Level 2.4 Armour
 - Level 2.1 Dodging


You had 6 spell levels left.
You didn't know any spells.
Your spell library was empty.

Dungeon Overview and Level Annotations

Branches:
Dungeon (4/15)             Temple (0/1) D:4

Altars:
Trog
Xom


Innate Abilities, Weirdness & Mutations

You have a pair of horns on your head.
You reflexively headbutt those who attack you in melee.


Message History

You feel very sick.
The scorpion stings you but does no damage.
You closely miss the scorpion.
You headbutt the scorpion, but do no damage.
The scorpion is heavily wounded.
You feel very sick. The scorpion misses you. You furiously retaliate!
You headbutt the scorpion, but do no damage.
You're still recovering from your berserk rage.
You closely miss the scorpion. Your headbutt misses the scorpion.
The scorpion is heavily wounded.
You feel very sick. The scorpion stings you.
You are lethally poisoned!
The scorpion poisons you!
Your skin crawls.
You feel strong-willed.
You feel very sick. The scorpion stings you.
* * * LOW HITPOINT WARNING * * *
You are lethally poisoned!
The scorpion poisons you! The scorpion closely misses you.
You hit the scorpion but do no damage. You headbutt the scorpion.
The scorpion is severely wounded.
You recover from your berserk rage.
* * * LOW HITPOINT WARNING * * *
You feel extremely sick. The scorpion stings you.
* * * LOW HITPOINT WARNING * * *
It was a potion of brilliance.
You feel clever all of a sudden.
* * * LOW HITPOINT WARNING * * *
You feel very sick. The scorpion closely misses you. You furiously retaliate!
You headbutt the scorpion.
You kill the scorpion!
Trog accepts your kill.
You have reached level 7!
It was a potion of haste.
You feel yourself speed up.
You die...

..... #.. .#. ..... ..
###.. ..... . ##.# ....
..... #.. ...#... .....
#.. .....# ..... ##.#
....# ......
##...##†..# ...#.
#......@#.##..... #.##.
###...#.#.##..... #..#.
#.###........... ##..#.
#......#........##.....
##.....#...............
###.### ..............
####.# ..............
#....# ......)......
#..### ........†.....


There were no monsters in sight!

Vanquished Creatures
  Grinder (D:4)
  A water moccasin (D:4)
  A scorpion (D:4)
  A jelly (D:3)
  Robin (D:3)
  7 adders
  6 dart slugs
  7 orcs
  8 ball pythons
  3 endoplasms (D:2)
  4 giant cockroaches
  23 goblins
  11 hobgoblins
  4 jackals
  6 kobolds
  2 quokkas
  6 bats
  2 frilled lizards
  8 rats
102 creatures vanquished.

Notes
Turn   | Place    | Note
-------+----------+-------------------------------------------
     0 | D:1      | zishaf the Minotaur Berserker began the quest for the Orb.
     0 | D:1      | Reached XP level 1. HP: 19/19 MP: 0/0
   280 | D:1      | Reached XP level 2. HP: 27/27 MP: 1/1
   959 | D:2      | Reached XP level 3. HP: 20/34 MP: 2/2
  1148 | D:2      | Found a bloodstained altar of Trog.
  1372 | D:2      | Reached XP level 4. HP: 38/41 MP: 3/3
  1539 | D:2      | Reached skill level 5 in Fighting
  1599 | D:2      | Reached ** piety under Trog
  1600 | D:2      | Reached skill level 5 in Axes
  1736 | D:3      | Noticed Robin
  1752 | D:3      | Killed Robin
  2143 | D:3      | Reached XP level 5. HP: 17/48 MP: 4/4
  2419 | D:3      | Found a shimmering altar of Xom.
  2902 | D:4      | Noticed a water moccasin
  2909 | D:4      | Killed a water moccasin
  2910 | D:4      | Reached XP level 6. HP: 58/58 MP: 5/5
  3221 | D:4      | Found a staircase to the Ecumenical Temple.
  3280 | D:4      | Noticed Grinder
  3287 | D:4      | Killed Grinder
  3293 | D:4      | Reached *** piety under Trog
  3344 | D:4      | HP: 3/60 [poisoned by a scorpion]
  3345 | D:4      | Reached XP level 7. HP: 3/66 MP: 6/6
  3345 | D:4      | Succumbed to a scorpion's poison

Illustrated notes

Levels and vault maps discovered:
D:1:      wander_arrival_estate, layout_basic
D:2:      layout_loops_ring, basic_altar, kennysheep_generic_room_4
D:3:      layout_loops_ring, xom_teletrap_fun, minmay_joined_circles, uniq_robin
D:4:      layout_cave_pools, nemelex_dance_club_becter,
          minmay_temple_entry_enclosed_plants, cheibrodos_gnoll_hut,
          uniq_grinder

Skill      XL: |  1  2  3  4  5  6 |
---------------+-------------------+-----
Fighting       | 4 5 6 7 |  7.4
Axes           | 4 5 6 7 |  7.4
Armour         | |  2.4
Dodging        | |  2.1

Action                   |  1- 3 |  4- 6 |  7- 9 || total
-------------------------+-------+-------+-------++-------
Melee: Hand axe          |    57 |   134 |       ||   191
       Headbutt          |     8 |    20 |       ||    28
       Punch             |     1 |       |       ||     1
Invok: Berserk           |       |     4 |       ||     4
       Trog's Hand       |       |     1 |       ||     1
  Use: Potion            |       |     1 |     1 ||     2
 Stab: Sleeping          |     2 |     1 |       ||     3
Armor: Animal skin       |    10 |    16 |       ||    26
       Leather armour    |       |     2 |       ||     2
Dodge: Dodged            |    42 |    88 |       ||   130

Table legend: (Time is in decaauts)
 A = Elapsed time spent in this place.
 B = Non-inter-level travel time spent in this place.
 C = Inter-level travel time spent in this place.
 D = Time resting spent in this place.
 E = Time spent auto-exploring this place.
 F = Levels seen in this place.
 G = Mean time per level.
                   A        B        C        D        E       F      G
               +--------+--------+--------+--------+--------+-----+--------+
         Total |   3382 |   3313 |     69 |     11 |   2747 |   4 |  845.5 |
       Dungeon |   3382 |   3313 |     69 |     11 |   2747 |   4 |  845.5 |
               +--------+--------+--------+--------+--------+-----+--------+

Top non-repeatable levels by time:
     D:3: 1102 daAuts
     D:1: 933 daAuts
     D:2: 807 daAuts
     D:4: 540 daAuts
